 Dungeon Crawl Stone Soup version 0.16.1-30-g34a7ffa (webtiles) character file.

7907 KurdyM the Grappler (level 11, -3/111 HPs)
             Began as a Troll Gladiator on June 17, 2015.
             Was a High Priest of Okawaru.
             Slain by a hill giant
             ... wielding a +0 giant club
              (18 damage)
             ... on level 10 of the Dungeon.
             The game lasted 00:15:34 (8868 turns).

KurdyM the Grappler (Troll Gladiator)               Turns: 8868, Time: 00:15:34

Health: -3/111     AC:  7    Str: 35    XL:     11   Next: 2%
Magic:  10/12      EV: 13    Int:  2    God:    Okawaru [*****.]
Gold:   426        SH:  0    Dex: 13    Spells: 0 memorised, 10 levels left

rFire  . . .     SeeInvis .       - Unarmed
rCold  + + .     Clarity  .     b - +0 animal skin
rNeg   . . .     SustAb   .     (shield restricted)
rPois  .         Gourm    +     c - +1 hat
rElec  .         Spirit   .     q - +0 cloak
rCorr  +         Warding  .     (gloves unavailable)
rMut   .         Stasis   .     (boots unavailable)
MR     .....                    s - amulet of resist corrosion
Stlth  ++........               e - +5 ring of strength
                                l - ring of protection from cold

@: mighty, heroism, very slightly contaminated, not resistant to hostile
enchantments, unstealthy
A: unfitting armour, claws 3, cold resistance 1, dopey 1, fast metabolism 3,
gourmand, regeneration 2, shaggy fur 1, tough skin 2, no device heal 1
a: Heroism, Finesse, Renounce Religion


You were on level 10 of the Dungeon.
You worshipped Okawaru.
Okawaru was extremely pleased with you.
You were completely stuffed.

You visited 2 branches of the dungeon, and saw 11 of its levels.

You collected 426 gold pieces.

Inventory:

Missiles
 d - 4 throwing nets
 A - 8 javelins (quivered)
Armour
 b - a +0 animal skin (worn)
 c - a +1 hat (worn)
 q - a +0 cloak (worn)
Jewellery
 e - a +5 ring of strength (right claw)
 l - a ring of protection from cold (left claw)
 s - an amulet of resist corrosion (around neck)
 u - an uncursed ring of flight
 x - an uncursed ring of poison resistance
 z - an uncursed amulet of guardian spirit
Magical devices
 r - a wand of cold (12)
 t - a wand of teleportation (9)
 v - a wand of paralysis (11)
 C - a wand of enslavement (10)
 F - a wand of cold (3)
Scrolls
 f - 7 scrolls of teleportation
 g - 3 scrolls of fear
 k - 3 scrolls of remove curse
 o - a scroll of enchant armour
 E - a scroll of identify
Potions
 h - a potion of lignification
 i - 3 potions of cure mutation
 n - 5 potions of brilliance
 w - 2 potions of curing
 B - a potion of haste
Books
 y - a book of Geomancy

   Spells                             Type                      Level
   a - Sandblast                      Earth                        1
   b - Stoneskin                      Transmutation/Earth          2
   c - Passwall                       Transmutation/Earth          3
   d - Stone Arrow                    Conjuration/Earth            3
   e - Petrify                        Transmutation/Earth          4
   f - Lee's Rapid Deconstruction     Earth                        5
 D - a book of Burglary

   Spells                             Type                      Level
   a - Swiftness                      Charms/Air                   2
   b - Passwall                       Transmutation/Earth          3
   c - Passage of Golubria            Translocation                4
   d - Lee's Rapid Deconstruction     Earth                        5
   e - Invisibility                   Hexes                        6
   f - Darkness                       Hexes                        7
Miscellaneous
 m - a lamp of fire
Comestibles
 a - 11 meat rations
 j - 10 bread rations
 G - 4 fruits


   Skills:
 + Level 7.9(12.9) Fighting
 - Level 5.3(10.3) Throwing
 - Level 2.4(7.4) Dodging
 + Level 12.1(17.1) Unarmed Combat
 + Level 4.5 Evocations


You had 10 spell levels left.
You didn't know any spells.

Dungeon Overview and Level Annotations

Branches:
Dungeon (10/15)            Temple (1/1) D:4             Orc (0/4) D:9
   Lair: D:8-11

Altars:
Ashenzari
Cheibriados
Dithmenos
Elyvilon
Fedhas
Gozag
Kikubaaqudgha
Makhleb
Nemelex Xobeh
Okawaru
Qazlal
Ru
Sif Muna
Trog
Vehumet
Xom
Yredelemnul
Zin
The Shining One


Innate Abilities, Weirdness & Mutations

You are too large for most types of armour.
You have claws for hands.
Your metabolism is lightning-fast.
You like to eat raw meat.
You heal very quickly.
You are covered in fur (AC +1).
You have very tough skin (AC +2).
Your flesh is cold resistant.
You are dopey. (Int -2)
Potions and wands are less effective at restoring your health.


Message History

A hill giant is nearby!
Unknown command.
A hill giant is nearby!
A hill giant is nearby!
A hill giant is nearby!
You found an alarm trap!
You feel yourself slow down. The hill giant misses you.
Unknown command.
You mangle the hill giant!!
The hill giant begins to bleed from its wounds!
The hill giant hits you with a giant club!!
* * * LOW HITPOINT WARNING * * *
You take 33 damage, and have 14/111 hp.
MASSIVE DAMAGE!!
You claw the hill giant!
Unknown command.
You gain the combat prowess of a mighty hero.
You feel slightly less full.
The hill giant hits you with a giant club!!
You die...

....+ #.# ....# #.#
....# #.# .#### #.#
.##### #.# .....# #.#
()...# #.# .....#
#######.####.+
..[..####.......@C...#
.....#....####^.######
.....'.#### #.##
.....### #..# .....#
#.## ##'### #. #.# #.
#.# #. ... .


You could see a hill giant (bleeding).

Vanquished Creatures
  The ghost of KurdyM the Cleaver, a powerful DDCK of Okawaru (D:10)
  A necromancer (D:9)
  Psyche (D:8)
  A troll (D:10)
  A merfolk (D:9)
  Grinder (D:3)
  The ghost of Rogan the Magician, an average DsWz (D:4)
  A wyvern (D:9)
  3 wargs
  4 yaks (D:9)
  A water moccasin (D:7)
  A sky beast (D:6)
  3 orc warriors
  A phantom (D:6)
  4 ice beasts
  8 ogres
  6 centaurs
  Sigmund (D:6)
  2 big kobolds
  7 giant frogs
  3 scorpions
  A water moccasin zombie (D:8)
  5 killer bees (D:7)
  7 hounds
  2 centaur zombies
  A crimson imp (D:8)
  4 goliath beetles
  Crazy Yiuf (D:3)
  4 jellies
  7 orc priests
  A centaur skeleton (D:8)
  A giant frog skeleton (D:4)
  A polar bear simulacrum (D:9)
  2 worker ants (D:9)
  6 orc wizards
  5 wolf simulacra (D:9)
  3 hound skeletons
  8 adders
  A shadow imp (D:5)
  2 giant mites
  A worm (D:2)
  An adder zombie (D:5)
  An adder skeleton (D:5)
  2 oozes
  33 orcs
  10 bats
  A bat zombie (D:5)
  7 giant cockroaches
  11 goblins
  13 hobgoblins
  15 jackals
  20 kobolds
  A quokka (D:9)
  2 giant geckos
  A giant gecko skeleton (D:5)
  5 giant newts
  A giant spore (D:7)
  2 quokka zombies
  3 rats
  5 river rat simulacra (D:9)
  5 ballistomycetes (D:7)
254 creatures vanquished.

Vanquished Creatures (others)
  A ballistomycete (D:7)
1 creature vanquished.

Grand Total: 255 creatures vanquished

Notes
Turn   | Place    | Note
--------------------------------------------------------------
     0 | D:1      | KurdyM, the Troll Gladiator, began the quest for the Orb.
     0 | D:1      | Reached XP level 1. HP: 19/19 MP: 1/1
   606 | D:1      | Reached XP level 2. HP: 27/27 MP: 1/1
   822 | D:2      | Reached skill level 4 in Unarmed Combat
   822 | D:2      | Reached XP level 3. HP: 31/33 MP: 2/2
   913 | D:2      | Found a glowing silver altar of Zin.
   914 | D:2      | Noticed an angel
   920 | D:2      | Found a shimmering altar of Xom.
  1479 | D:3      | Reached XP level 4. HP: 41/41 MP: 2/2
  1547 | D:3      | Reached skill level 5 in Unarmed Combat
  1669 | D:3      | Noticed Crazy Yiuf
  1677 | D:3      | Killed Crazy Yiuf
  1743 | D:3      | Found a shattered altar of Ashenzari.
  1871 | D:3      | Found a basalt altar of Yredelemnul.
  1993 | D:3      | Noticed Grinder
  2005 | D:3      | Paralysed by Grinder for 6 turns
  2026 | D:3      | Paralysed by Grinder for 2 turns
  2031 | D:3      | Paralysed by Grinder for 2 turns
  2040 | D:3      | Killed Grinder
  2040 | D:3      | Reached skill level 7 in Unarmed Combat
  2040 | D:3      | Reached XP level 5. HP: 28/48 MP: 2/2
  2040 | D:3      | Reached XP level 6. HP: 32/55 MP: 3/3
  2098 | D:3      | Found a shadowy altar of Dithmenos.
  2098 | D:3      | Found an ancient bone altar of Kikubaaqudgha.
  2264 | D:4      | Noticed Rogan's ghost (average DsWz)
  2327 | D:4      | Killed Rogan's ghost
  2327 | D:4      | Reached skill level 8 in Unarmed Combat
  2327 | D:4      | Reached XP level 7. HP: 45/62 MP: 3/3
  2535 | D:4      | Found a staircase to the Ecumenical Temple.
  2561 | Temple   | Entered the Ecumenical Temple
  2678 | Temple   | Became a worshipper of Warmaster Okawaru
  2867 | D:5      | Entered Level 5 of the Dungeon
  3103 | D:5      | Found a sacrificial altar of Ru.
  3104 | D:5      | Found a bloodstained altar of Trog.
  3154 | D:5      | Acquired Okawaru's first power
  3353 | D:6      | Reached skill level 9 in Unarmed Combat
  3365 | D:6      | Reached XP level 8. HP: 43/76 MP: 3/3
  4089 | D:6      | Found an opulent altar of Gozag.
  4510 | D:6      | Noticed Sigmund
  4520 | D:6      | Killed Sigmund
  4990 | D:7      | Reached skill level 5 in Fighting
  4996 | D:7      | Reached skill level 10 in Unarmed Combat
  5182 | D:7      | Reached XP level 9. HP: 49/88 MP: 0/4
  5569 | D:7      | Gained mutation: Your flesh is cold resistant. [potion of mutation]
  5569 | D:7      | Gained mutation: Potions and wands are less effective at restoring your health. [potion of mutation]
  5569 | D:7      | Gained mutation: You are dopey. (Int -2) [potion of mutation]
  6471 | D:8      | Noticed Psyche
  6698 | D:8      | Killed Psyche
  6698 | D:8      | Reached skill level 5 in Throwing
  6698 | D:8      | Reached skill level 11 in Unarmed Combat
  6698 | D:8      | Reached skill level 1 in Evocations
  6844 | D:8      | Reached XP level 10. HP: 90/100 MP: 6/6
  7110 | D:9      | Found a staircase to the Orcish Mines.
  7553 | D:9      | Noticed a necromancer
  7563 | D:9      | Killed a necromancer
  7563 | D:9      | Acquired Okawaru's second power
  7983 | D:9      | Received a gift from Okawaru
  8653 | D:10     | Entered Level 10 of the Dungeon
  8792 | D:10     | Noticed KurdyM's ghost (powerful DDCK)
  8807 | D:10     | Reached skill level 12 in Unarmed Combat
  8812 | D:10     | Killed KurdyM's ghost
  8816 | D:10     | Reached XP level 11. HP: 48/111 MP: 8/12
  8861 | D:10     | Noticed a hill giant
  8868 | D:10     | Slain by a hill giant

Action                   |  1- 3 |  4- 6 |  7- 9 | 10-12 || total
-------------------------+-------+-------+-------+-------++-------
Melee: Unarmed           |    88 |    43 |   340 |   210 ||   681
Throw: Throwing net      |       |       |     2 |       ||     2
       Javelin           |       |       |     1 |       ||     1
Invok: Heroism           |       |       |     3 |     3 ||     6
  Use: Scroll            |       |     4 |    16 |       ||    20
       Potion            |       |     1 |     8 |     4 ||    13
 Stab: Sleeping          |       |     2 |     1 |       ||     3
       Distracted        |       |       |       |     1 ||     1
  Eat: Chunk             |    10 |    12 |    39 |    23 ||    84
       Pizza             |       |       |     2 |       ||     2
